Oilers vs Devils

Created - 16 décembre 2020 at 21:10

Goals
1 2 3 T
Oilers 0 2 2 4
Devils 0 1 0 1
Shots
1 2 3 T
Oilers 2 7 7 16
Devils 9 12 8 29

1st period

No Goal

Penalties :
Dylan DeMelo (EDM) for Holding (Minor) at 5:42, Brent Burns (EDM) for Holding (Minor) at 8:01

2nd period

1. Oilers , Ryan Johansen 8 (Gustav Nyquist 8, Evander Kane 9) at 0:43
2. Devils , Nicklas Backstrom 4 (Ryan Suter 13, Damon Severson 5) at 4:42 (SH)
3. Oilers , Yanni Gourde 2 (Max Domi 11) at 19:07

Penalties :
T.J. Oshie (NJD) for Hooking (Minor) at 2:47, Barclay Goodrow (EDM) for Tripping (Minor) at 12:47

3rd period

4. Oilers , Jason Zucker 5 (Ryan Getzlaf 15, Dylan DeMelo 1) at 0:32
5. Oilers , Barclay Goodrow 4 (Jason Zucker 7, Ryan Getzlaf 16) at 12:51

Penalties :
Tyler Bozak (NJD) for Slashing (Minor) at 3:56, Jacob Trouba (EDM) for Hooking (Minor) at 5:29, Adam Lowry (EDM) for Slashing (Minor) at 9:19

Goalie Stats

Robin Lehner (EDM), 28 saves from 29 shots - (0,966), W, 10-4-4, 60:00 minutes
Marc-Andre Fleury (NJD), 12 saves from 16 shots - (0,750), L, 4-11-2, 60:00 minutes

Players Stats for Oilers

Player Name              G  A  P  +/- PIM S  H  SB GA TA FO     MP     PP MP  PK MP  
------------------------------------------------------------------------------------
Adam Lowry               0  0  0   0  2   1  0  1  0  0  4/9    10:38   0:00   4:36 
Barclay Goodrow          1  0  1   2  2   1  2  0  0  0  1/1    16:27   0:00   4:30 
Brenden Dillon           0  0  0   1  0   0  1  1  0  0  0/0    13:05   0:00   3:04 
Brent Burns              0  0  0  -1  2   2  0  1  0  0  0/0    11:53   1:11   1:05 
Dylan DeMelo             0  1  1   1  2   0  3  2  0  0  0/0    17:59   0:00   2:40 
Evander Kane             0  1  1   0  0   0  2  0  0  0  1/1    20:10   1:59   0:00 
Gustav Nyquist           0  1  1   1  0   2  0  0  0  0  1/1    20:32   1:59   0:18 
Jacob Trouba             0  0  0   0  2   0  3  2  0  0  0/0    25:14   1:58   2:09 
Jason Zucker             1  1  2   2  0   3  1  0  0  0  1/1    18:35   1:33   2:10 
Justin Braun             0  0  0   2  0   0  0  1  0  0  0/0    20:57   0:48   4:45 
Max Domi                 0  1  1   1  0   1  0  0  0  0  6/15   13:23   1:33   0:20 
Nick Cousins             0  0  0   0  0   0  0  0  0  0  0/0     7:24   0:00   2:04 
Riley Nash               0  0  0   1  0   2  0  0  0  0  2/5    10:26   0:00   4:19 
Ryan Getzlaf             0  2  2   1  0   0  0  0  0  0  10/18  13:57   1:59   0:00 
Ryan Johansen            1  0  1   1  0   3  1  0  0  0  13/26  21:06   1:33   1:22 
Sam Bennett              0  0  0   1  0   0  2  0  0  0  0/0    11:04   0:00   0:00 
Travis Hamonic           0  0  0   1  0   0  0  2  0  0  0/0    24:33   1:33   4:34 
Yanni Gourde             1  0  1   1  0   1  0  0  0  0  0/0    12:37   1:33   0:00 

Players Stats for Devils

Player Name              G  A  P  +/- PIM S  H  SB GA TA FO     MP     PP MP  PK MP  
------------------------------------------------------------------------------------
Brian Boyle              0  0  0   1  0   0  0  0  0  0  3/6     5:45   0:00   0:36 
Cale Makar               0  0  0  -3  0   0  0  4  0  0  0/0    22:56   4:29   1:52 
Chris Kreider            0  0  0  -1  0   1  3  0  0  0  1/1    22:56   5:11   1:31 
Damon Severson           0  1  1   1  0   0  1  1  0  0  0/0    24:48   4:42   1:40 
Evgeni Malkin            0  0  0  -1  0   6  1  0  0  0  16/31  23:43   5:11   2:18 
Justin Schultz           0  0  0  -1  0   1  0  0  0  0  0/0    12:16   0:18   0:00 
Mathieu Joseph           0  0  0   0  0   1  1  0  0  0  0/0     5:09   0:00   0:00 
Mike Hoffman             0  0  0  -2  0   1  1  0  0  0  0/1    18:51   4:18   0:00 
Mikhail Sergachev        0  0  0  -3  0   0  4  2  0  0  0/0    22:56   4:29   1:52 
Nicklas Backstrom        1  0  1  -1  0   4  1  0  0  0  12/19  21:18   4:18   2:01 
Niklas Hjalmarsson       0  0  0  -1  0   0  0  0  0  0  0/0    12:16   0:18   0:00 
Rocco Grimaldi           0  0  0   0  0   1  0  0  0  0  0/0     5:09   0:00   0:00 
Ryan Suter               0  1  1   1  0   3  0  1  0  0  0/0    24:48   4:42   1:40 
Sam Reinhart             0  0  0  -1  0   4  0  0  0  0  1/2    11:03   0:00   0:00 
T.J. Oshie               0  0  0  -1  2   2  6  0  0  0  0/1    22:02   5:11   0:38 
Travis Konecny           0  0  0  -2  0   4  2  0  0  0  1/4    18:51   4:18   0:00 
Tyler Bozak              0  0  0  -1  2   0  0  0  0  0  4/12   10:36   0:00   0:00 
Zack Smith               0  0  0  -1  0   1  1  0  0  0  0/0    10:37   0:00   0:00 

3 Stars

1 - Jason Zucker (EDM)
2 - Robin Lehner (EDM)
3 - Ryan Johansen (EDM)

Power Play

Oilers - 0 on 2 Attempt(s) - 0,00%
Devils - 0 on 5 Attempt(s) - 0,00%

Penalty Kill

Oilers - 5 on 5 Attempt(s) - 100,00% - Score 0 goal in Penalty Kill
Devils - 2 on 2 Attempt(s) - 100,00% - Score 1 goal in Penalty Kill

Team Stat

Oilers - Hits : 15 - Faceoff Wins : 39 - Blocked Shots : 10 - Penalty Minutes : 10
Devils - Hits : 21 - Faceoff Wins : 38 - Blocked Shots : 8 - Penalty Minutes : 4

Official

Referees : Tim Mayer and Dan Kelly
Linesman : Jonny Murray and Derek Amell

Game Notes

Brent Burns is injured at 9:51 of 2nd period (Bruised Left Arm)
Brenden Dillon is injured at 15:19 of 2nd period (Bruised Left Leg)

Finance

Level 1 -- Attendance: 5898 (98,30%) -- Ticket Income 660 576 $
Level 2 -- Attendance: 5000 (100,00%) -- Ticket Income 405 000 $
Level 3 -- Attendance: 2000 (100,00%) -- Ticket Income 160 000 $
Level 4 -- Attendance: 3265 (90,07%) -- Ticket Income 48 975 $
Luxury Box -- Attendance: 1000 (100,00%) -- Ticket Income 195 000 $
Game was played at the Prudential Center.
Total Attendance: 17163 (97,38%)
Total Ticket Income: 1 469 551 $
Other Income: 720 080 $
Total Income: 2 189 631 $

% Time on Ice - Oilers

Lines # - Real PCT - Wanted PCT - Time Play
Normal Forward
1 - 39% - 40% - 18:11
2 - 26% - 30% - 11:58
3 - 24% - 20% - 11:04
4 - 11% - 10% - 5:20
Normal Defense
1 - 42% - 40% - 19:27
2 - 34% - 30% - 15:56
3 - 21% - 20% - 9:43
4 - 3% - 10% - 1:27
PP Forward
1 - 56% - 60% - 1:59
2 - 44% - 40% - 1:33
PP Defense
1 - 56% - 60% - 1:59
2 - 44% - 40% - 1:33
PK Forward
1 - 78% - 60% - 7:25
2 - 22% - 40% - 2:04
PK Defense
1 - 42% - 60% - 3:59
2 - 58% - 40% - 5:30
PK3 Forward
1 - 0% - 60%
2 - 0% - 40%
PK3 Defense
1 - 0% - 60%
2 - 0% - 40%
44 Forward
1 - 100% - 60% - 0:26
2 - 0% - 40% - 0:00
44 Defense
1 - 0% - 60% - 0:00
2 - 100% - 40% - 0:26
Last Minute Offensive  - 0:00
Last Minute Defensive  - 0:00
Total
Forward - 60:00
Defense - 60:00

% Time on Ice - Devils

Lines # - Real PCT - Wanted PCT - Time Play
Normal Forward
1 - 35% - 40% - 16:14
2 - 31% - 30% - 14:33
3 - 23% - 20% - 10:37
4 - 11% - 10% - 5:09
Normal Defense
1 - 38% - 40% - 17:30
2 - 36% - 30% - 16:35
3 - 26% - 20% - 11:58
4 - 1% - 10% - 0:30
PP Forward
1 - 55% - 60% - 5:11
2 - 45% - 40% - 4:18
PP Defense
1 - 50% - 60% - 4:42
2 - 50% - 40% - 4:47
PK Forward
1 - 72% - 60% - 2:32
2 - 28% - 40% - 1:00
PK Defense
1 - 47% - 60% - 1:40
2 - 53% - 40% - 1:52
PK3 Forward
1 - 0% - 60%
2 - 0% - 40%
PK3 Defense
1 - 0% - 60%
2 - 0% - 40%
44 Forward
1 - 100% - 60% - 0:26
2 - 0% - 40% - 0:00
44 Defense
1 - 100% - 60% - 0:26
2 - 0% - 40% - 0:00
Last Minute Offensive  - 0:00
Last Minute Defensive  - 0:00
Total
Forward - 60:00
Defense - 60:00

Play-by-Play

1st period


0:01 of 1st period - Ryan Johansen wins face-off versus Evgeni Malkin in neutral zone.
0:27 of 1st period - Chris Kreider is hit by Jacob Trouba and loses puck.
0:40 of 1st period - Shot by Evgeni Malkin.
0:40 of 1st period - Stopped by Robin Lehner without a rebound.
0:41 of 1st period - Jason Zucker wins face-off versus Travis Konecny in Oilers zone.
0:41 of 1st period - Jason Zucker is hit by Nicklas Backstrom.
1:09 of 1st period - Shot by Ryan Getzlaf.
1:09 of 1st period - Shot Misses the Net.
2:24 of 1st period - Icing by Niklas Hjalmarsson.
2:25 of 1st period - Tyler Bozak wins face-off versus Ryan Johansen in Devils zone.
2:34 of 1st period - Shot by Evander Kane.
2:34 of 1st period - Shot Misses the Net.
2:48 of 1st period - Shot by Ryan Johansen.
2:48 of 1st period - Shot Hit the Post.
4:28 of 1st period - Shot by Mikhail Sergachev.
4:28 of 1st period - Deflect By Mathieu Joseph.
4:28 of 1st period - Stopped by Robin Lehner with a rebound.
4:58 of 1st period - Shot by Evander Kane.
4:58 of 1st period - Shot Blocked by Mikhail Sergachev.
5:00 of 1st period - Shot by Evander Kane.
5:00 of 1st period - Shot Misses the Net.
5:15 of 1st period - Icing by Mikhail Sergachev.
5:16 of 1st period - Ryan Getzlaf wins face-off versus Brian Boyle in Devils zone.
5:42 of 1st period - Minor Penalty to Dylan DeMelo for Holding.
5:43 of 1st period - Adam Lowry wins face-off versus Evgeni Malkin in Oilers zone.
5:52 of 1st period - Travis Hamonic is hit by T.J. Oshie and loses puck.
6:05 of 1st period - Shot by Chris Kreider.
6:05 of 1st period - Stopped by Robin Lehner with a rebound.
6:45 of 1st period - Shot by Nicklas Backstrom.
6:45 of 1st period - Stopped by Robin Lehner without a rebound.
6:46 of 1st period - Nicklas Backstrom wins face-off versus Riley Nash in Oilers zone.
6:59 of 1st period - Shot by Travis Konecny.
6:59 of 1st period - Shot Blocked by Justin Braun.
7:01 of 1st period - Shot by Damon Severson.
7:01 of 1st period - Shot Misses the Net.
7:11 of 1st period - Shot by Travis Konecny.
7:11 of 1st period - Shot Misses the Net.
7:44 of 1st period - Shot by Sam Reinhart.
7:44 of 1st period - Stopped by Robin Lehner without a rebound.
7:45 of 1st period - Tyler Bozak wins face-off versus Ryan Johansen in Oilers zone.
7:48 of 1st period - Shot by Zack Smith.
7:48 of 1st period - Stopped by Robin Lehner without a rebound.
7:49 of 1st period - Ryan Johansen wins face-off versus Tyler Bozak in Oilers zone.
8:01 of 1st period - Minor Penalty to Brent Burns for Holding.
8:02 of 1st period - Evgeni Malkin wins face-off versus Adam Lowry in Oilers zone.
8:02 of 1st period - Evgeni Malkin is hit by Brenden Dillon.
8:26 of 1st period - Shot by Evgeni Malkin.
8:26 of 1st period - Stopped by Robin Lehner without a rebound.
8:27 of 1st period - Adam Lowry wins face-off versus Nicklas Backstrom in Oilers zone.
8:46 of 1st period - Shot by Mike Hoffman.
8:46 of 1st period - Shot Misses the Net.
9:02 of 1st period - Shot by Ryan Suter.
9:02 of 1st period - Stopped by Robin Lehner without a rebound.
9:03 of 1st period - Adam Lowry wins face-off versus Evgeni Malkin in Oilers zone.
9:03 of 1st period - Adam Lowry is hit by T.J. Oshie.
10:08 of 1st period - Off-side.
10:09 of 1st period - Ryan Johansen wins face-off versus Nicklas Backstrom in neutral zone.
10:11 of 1st period - Brent Burns is hit by Travis Konecny and loses puck.
11:30 of 1st period - Shot by Max Domi.
11:30 of 1st period - Shot Misses the Net.
12:21 of 1st period - Shot by Ryan Getzlaf.
12:21 of 1st period - Deflect By Barclay Goodrow.
12:21 of 1st period - Shot Misses the Net.
13:48 of 1st period - Gustav Nyquist is hit by Mathieu Joseph and loses puck.
13:53 of 1st period - Justin Schultz is hit by Evander Kane and loses puck.
14:44 of 1st period - Shot by Ryan Suter.
14:44 of 1st period - Stopped by Robin Lehner without a rebound.
14:45 of 1st period - Nicklas Backstrom wins face-off versus Ryan Getzlaf in Oilers zone.
15:45 of 1st period - Adam Lowry is hit by Mikhail Sergachev and loses puck.
15:52 of 1st period - Shot by Riley Nash.
15:52 of 1st period - Shot Misses the Net.
15:54 of 1st period - Shot by Riley Nash.
15:54 of 1st period - Stopped by Marc-Andre Fleury without a rebound.
15:55 of 1st period - Evgeni Malkin wins face-off versus Ryan Johansen in Devils zone.
16:21 of 1st period - Shot by T.J. Oshie.
16:21 of 1st period - Shot Hit the Post.
19:27 of 1st period - Shot by Max Domi.
19:27 of 1st period - Stopped by Marc-Andre Fleury without a rebound.
19:28 of 1st period - Adam Lowry wins face-off versus Tyler Bozak in Devils zone.
19:33 of 1st period - Shot by Adam Lowry.
19:33 of 1st period - Shot Misses the Net.
Goals for this period are 0 for Oilers vs 0 for Devils.
Shots for this period are 2 for Oilers vs 9 for Devils.

2nd period


0:01 of 2nd period - Ryan Getzlaf wins face-off versus T.J. Oshie in neutral zone.
0:01 of 2nd period - Brent Burns is hit by T.J. Oshie and loses puck.
0:23 of 2nd period - Off-side.
0:24 of 2nd period - Nicklas Backstrom wins face-off versus Ryan Johansen in neutral zone.
0:35 of 2nd period - Shot by Mike Hoffman.
0:35 of 2nd period - Shot Misses the Net.
0:43 of 2nd period - Shot by Ryan Johansen.
0:43 of 2nd period - Goal by Ryan Johansen - Oilers : 1 - Devils : 0.
0:44 of 2nd period - Chris Kreider wins face-off versus Ryan Getzlaf in neutral zone.
1:21 of 2nd period - Shot by Brent Burns.
1:21 of 2nd period - Stopped by Marc-Andre Fleury without a rebound.
1:22 of 2nd period - Ryan Johansen wins face-off versus Travis Konecny in Devils zone.
1:56 of 2nd period - Shot by Ryan Johansen.
1:56 of 2nd period - Stopped by Marc-Andre Fleury without a rebound.
1:57 of 2nd period - Max Domi wins face-off versus Tyler Bozak in Devils zone.
2:01 of 2nd period - Icing by Ryan Suter.
2:02 of 2nd period - Ryan Getzlaf wins face-off versus Tyler Bozak in Devils zone.
2:15 of 2nd period - Shot by Tyler Bozak.
2:15 of 2nd period - Deflect By Sam Reinhart.
2:15 of 2nd period - Stopped by Robin Lehner without a rebound.
2:16 of 2nd period - Evgeni Malkin wins face-off versus Max Domi in Oilers zone.
2:33 of 2nd period - Shot by Cale Makar.
2:33 of 2nd period - Shot Blocked by Dylan DeMelo.
2:35 of 2nd period - Shot by T.J. Oshie.
2:35 of 2nd period - Stopped by Robin Lehner without a rebound.
2:36 of 2nd period - Ryan Johansen wins face-off versus Nicklas Backstrom in Oilers zone.
2:42 of 2nd period - Icing by Brent Burns.
2:43 of 2nd period - Gustav Nyquist wins face-off versus Evgeni Malkin in Oilers zone.
2:43 of 2nd period - Brent Burns is hit by T.J. Oshie and loses puck.
2:47 of 2nd period - Minor Penalty to T.J. Oshie for Hooking.
2:48 of 2nd period - Evgeni Malkin wins face-off versus Ryan Getzlaf in Devils zone.
3:48 of 2nd period - Shot by Travis Hamonic.
3:48 of 2nd period - Shot Blocked by Cale Makar.
3:50 of 2nd period - Shot by Yanni Gourde.
3:50 of 2nd period - Shot Blocked by Cale Makar.
4:32 of 2nd period - Icing by Jacob Trouba.
4:33 of 2nd period - Brian Boyle wins face-off versus Ryan Getzlaf in Oilers zone.
4:42 of 2nd period - Shot by Nicklas Backstrom.
4:42 of 2nd period - Goal by Nicklas Backstrom - Oilers : 1 - Devils : 1.
4:43 of 2nd period - Ryan Johansen wins face-off versus Brian Boyle in neutral zone.
5:09 of 2nd period - Shot by Riley Nash.
5:09 of 2nd period - Stopped by Marc-Andre Fleury without a rebound.
5:10 of 2nd period - Brian Boyle wins face-off versus Max Domi in Devils zone.
5:10 of 2nd period - Brian Boyle is hit by Sam Bennett.
5:20 of 2nd period - Shot by Rocco Grimaldi.
5:20 of 2nd period - Stopped by Robin Lehner without a rebound.
5:21 of 2nd period - Ryan Getzlaf wins face-off versus Nicklas Backstrom in Oilers zone.
5:52 of 2nd period - Shot by Brent Burns.
5:52 of 2nd period - Stopped by Marc-Andre Fleury without a rebound.
5:53 of 2nd period - Evgeni Malkin wins face-off versus Ryan Johansen in Devils zone.
6:12 of 2nd period - Brenden Dillon is hit by Chris Kreider.
6:17 of 2nd period - Travis Hamonic is hit by Chris Kreider and loses puck.
6:25 of 2nd period - Evander Kane is hit by Mikhail Sergachev and loses puck.
7:14 of 2nd period - Shot by Sam Reinhart.
7:14 of 2nd period - Stopped by Robin Lehner without a rebound.
7:15 of 2nd period - Nicklas Backstrom wins face-off versus Max Domi in Oilers zone.
7:16 of 2nd period - Shot by Mike Hoffman.
7:16 of 2nd period - Stopped by Robin Lehner without a rebound.
7:17 of 2nd period - Max Domi wins face-off versus Nicklas Backstrom in Oilers zone.
8:07 of 2nd period - Off-side.
8:08 of 2nd period - Evgeni Malkin wins face-off versus Ryan Getzlaf in neutral zone.
8:19 of 2nd period - Shot by Jason Zucker.
8:19 of 2nd period - Shot Misses the Net.
8:56 of 2nd period - Icing by Justin Braun.
8:57 of 2nd period - Ryan Getzlaf wins face-off versus Tyler Bozak in Oilers zone.
9:23 of 2nd period - Shot by Sam Reinhart.
9:23 of 2nd period - Stopped by Robin Lehner without a rebound.
9:24 of 2nd period - Max Domi wins face-off versus Nicklas Backstrom in Oilers zone.
9:45 of 2nd period - Icing by Jacob Trouba.
9:46 of 2nd period - Evgeni Malkin wins face-off versus Max Domi in Oilers zone.
9:51 of 2nd period - Shot by Chris Kreider.
9:51 of 2nd period - Shot Blocked by Brent Burns.
9:51 of 2nd period - Brent Burns from Oilers is injured at 9:51 of 2nd period (Bruised Left Arm).
9:52 of 2nd period - Evgeni Malkin wins face-off versus Ryan Johansen in Oilers zone.
9:55 of 2nd period - Shot by Evgeni Malkin.
9:55 of 2nd period - Shot Misses the Net.
10:54 of 2nd period - Shot by Mike Hoffman.
10:54 of 2nd period - Shot Misses the Net.
11:04 of 2nd period - Shot by Travis Konecny.
11:04 of 2nd period - Stopped by Robin Lehner without a rebound.
11:05 of 2nd period - Max Domi wins face-off versus Brian Boyle in Oilers zone.
11:07 of 2nd period - Icing by Jacob Trouba.
11:08 of 2nd period - Nicklas Backstrom wins face-off versus Max Domi in Oilers zone.
11:42 of 2nd period - Travis Konecny is hit by Jacob Trouba and loses puck.
12:02 of 2nd period - Icing by Evander Kane.
12:03 of 2nd period - Ryan Johansen wins face-off versus Evgeni Malkin in Oilers zone.
12:14 of 2nd period - Shot by Evander Kane.
12:14 of 2nd period - Shot Misses the Net.
12:32 of 2nd period - Shot by T.J. Oshie.
12:32 of 2nd period - Deflect By Evgeni Malkin.
12:32 of 2nd period - Stopped by Robin Lehner without a rebound.
12:33 of 2nd period - Tyler Bozak wins face-off versus Ryan Getzlaf in Oilers zone.
12:36 of 2nd period - Shot by Sam Reinhart.
12:36 of 2nd period - Shot Misses the Net.
12:47 of 2nd period - Minor Penalty to Barclay Goodrow for Tripping.
12:48 of 2nd period - Evgeni Malkin wins face-off versus Adam Lowry in Oilers zone.
12:59 of 2nd period - Shot by Evgeni Malkin.
12:59 of 2nd period - Shot Blocked by Travis Hamonic.
13:05 of 2nd period - Shot by Ryan Suter.
13:05 of 2nd period - Shot Misses the Net.
13:13 of 2nd period - Shot by Damon Severson.
13:13 of 2nd period - Deflect By Evgeni Malkin.
13:13 of 2nd period - Stopped by Robin Lehner with a rebound.
13:15 of 2nd period - Shot by Ryan Suter.
13:15 of 2nd period - Shot Misses the Net.
13:17 of 2nd period - Shot by Damon Severson.
13:17 of 2nd period - Shot Misses the Net.
14:38 of 2nd period - Shot by Evgeni Malkin.
14:38 of 2nd period - Stopped by Robin Lehner without a rebound.
14:39 of 2nd period - Evgeni Malkin wins face-off versus Adam Lowry in Oilers zone.
15:08 of 2nd period - Sam Reinhart is hit by Jacob Trouba and loses puck.
15:13 of 2nd period - Shot by Justin Schultz.
15:13 of 2nd period - Stopped by Robin Lehner with a rebound.
15:15 of 2nd period - Shot by Justin Schultz.
15:15 of 2nd period - Shot Blocked by Jacob Trouba.
15:17 of 2nd period - Shot by Justin Schultz.
15:17 of 2nd period - Shot Hit the Post.
15:19 of 2nd period - Shot by Justin Schultz.
15:19 of 2nd period - Shot Blocked by Brenden Dillon.
15:19 of 2nd period - Brenden Dillon from Oilers is injured at 15:19 of 2nd period (Bruised Left Leg).
15:20 of 2nd period - Brian Boyle wins face-off versus Max Domi in Oilers zone.
15:37 of 2nd period - Shot by Brian Boyle.
15:37 of 2nd period - Deflect By Mathieu Joseph.
15:37 of 2nd period - Shot Misses the Net.
16:05 of 2nd period - Icing by Dylan DeMelo.
16:06 of 2nd period - Max Domi wins face-off versus Evgeni Malkin in Oilers zone.
16:24 of 2nd period - Evander Kane is hit by Mikhail Sergachev and loses puck.
16:51 of 2nd period - Shot by Gustav Nyquist.
16:51 of 2nd period - Deflect By Ryan Johansen.
16:51 of 2nd period - Shot Misses the Net.
16:58 of 2nd period - Icing by Mikhail Sergachev.
16:59 of 2nd period - Ryan Getzlaf wins face-off versus Evgeni Malkin in Devils zone.
16:59 of 2nd period - Barclay Goodrow is hit by Mikhail Sergachev and loses puck.
18:13 of 2nd period - Shot by Adam Lowry.
18:13 of 2nd period - Shot Blocked by Damon Severson.
18:15 of 2nd period - Shot by Adam Lowry.
18:15 of 2nd period - Stopped by Marc-Andre Fleury without a rebound.
18:16 of 2nd period - Tyler Bozak wins face-off versus Ryan Johansen in Devils zone.
18:16 of 2nd period - Tyler Bozak is hit by Ryan Johansen.
18:21 of 2nd period - Niklas Hjalmarsson is hit by Evander Kane and loses puck.
18:26 of 2nd period - Shot by Gustav Nyquist.
18:26 of 2nd period - Shot Misses the Net.
18:28 of 2nd period - Shot by Gustav Nyquist.
18:28 of 2nd period - Deflect By Ryan Johansen.
18:28 of 2nd period - Shot Misses the Net.
18:42 of 2nd period - Gustav Nyquist is hit by Zack Smith and loses puck.
19:05 of 2nd period - Shot by Max Domi.
19:05 of 2nd period - Shot Misses the Net.
19:07 of 2nd period - Shot by Yanni Gourde.
19:07 of 2nd period - Goal by Yanni Gourde - Oilers : 2 - Devils : 1.
19:08 of 2nd period - Evgeni Malkin wins face-off versus Adam Lowry in neutral zone.
19:15 of 2nd period - Shot by T.J. Oshie.
19:15 of 2nd period - Shot Blocked by Travis Hamonic.
19:35 of 2nd period - Shot by Riley Nash.
19:35 of 2nd period - Shot Blocked by Mikhail Sergachev.
Goals for this period are 2 for Oilers vs 1 for Devils.
Shots for this period are 7 for Oilers vs 12 for Devils.

3rd period


0:01 of 3rd period - Evgeni Malkin wins face-off versus Ryan Johansen in neutral zone.
0:12 of 3rd period - Shot by Evgeni Malkin.
0:12 of 3rd period - Stopped by Robin Lehner without a rebound.
0:13 of 3rd period - Nicklas Backstrom wins face-off versus Ryan Getzlaf in Oilers zone.
0:32 of 3rd period - Shot by Jason Zucker.
0:32 of 3rd period - Goal by Jason Zucker - Oilers : 3 - Devils : 1.
0:33 of 3rd period - Ryan Johansen wins face-off versus Evgeni Malkin in neutral zone.
0:36 of 3rd period - Shot by Gustav Nyquist.
0:36 of 3rd period - Deflect By Ryan Johansen.
0:36 of 3rd period - Stopped by Marc-Andre Fleury without a rebound.
0:37 of 3rd period - Evgeni Malkin wins face-off versus Ryan Johansen in Devils zone.
0:52 of 3rd period - Icing by Jacob Trouba.
0:53 of 3rd period - Nicklas Backstrom wins face-off versus Ryan Johansen in Oilers zone.
0:56 of 3rd period - Shot by Mike Hoffman.
0:56 of 3rd period - Shot Misses the Net.
1:10 of 3rd period - Shot by Nicklas Backstrom.
1:10 of 3rd period - Shot Misses the Net.
1:12 of 3rd period - Shot by Travis Konecny.
1:12 of 3rd period - Stopped by Robin Lehner with a rebound.
1:49 of 3rd period - Shot by Jason Zucker.
1:49 of 3rd period - Stopped by Marc-Andre Fleury without a rebound.
1:50 of 3rd period - Evgeni Malkin wins face-off versus Max Domi in Devils zone.
1:50 of 3rd period - Evgeni Malkin is hit by Sam Bennett.
2:04 of 3rd period - Shot by Yanni Gourde.
2:04 of 3rd period - Shot Misses the Net.
2:38 of 3rd period - Barclay Goodrow is hit by Chris Kreider and loses puck.
3:04 of 3rd period - Shot by Ryan Getzlaf.
3:04 of 3rd period - Deflect By Jason Zucker.
3:04 of 3rd period - Stopped by Marc-Andre Fleury without a rebound.
3:05 of 3rd period - Ryan Johansen wins face-off versus Mike Hoffman in Devils zone.
3:30 of 3rd period - Shot by Nicklas Backstrom.
3:30 of 3rd period - Deflect By Mike Hoffman.
3:30 of 3rd period - Shot Blocked by Jacob Trouba.
3:55 of 3rd period - Off-side.
3:56 of 3rd period - Ryan Getzlaf wins face-off versus Tyler Bozak in neutral zone.
3:56 of 3rd period - Minor Penalty to Tyler Bozak for Slashing.
3:57 of 3rd period - Evgeni Malkin wins face-off versus Ryan Johansen in Devils zone.
4:03 of 3rd period - Icing by Travis Hamonic.
4:04 of 3rd period - Ryan Johansen wins face-off versus Evgeni Malkin in Oilers zone.
5:09 of 3rd period - Shot by Gustav Nyquist.
5:09 of 3rd period - Stopped by Marc-Andre Fleury with a rebound.
5:29 of 3rd period - Minor Penalty to Jacob Trouba for Hooking.
5:30 of 3rd period - Max Domi wins face-off versus Sam Reinhart in Oilers zone.
5:35 of 3rd period - Shot by Jason Zucker.
5:35 of 3rd period - Shot Misses the Net.
5:38 of 3rd period - Icing by Damon Severson.
5:39 of 3rd period - Sam Reinhart wins face-off versus Max Domi in Devils zone.
5:49 of 3rd period - Max Domi is hit by Damon Severson and loses puck.
6:00 of 3rd period - Cale Makar is hit by Barclay Goodrow and loses puck.
6:06 of 3rd period - Off-side.
6:07 of 3rd period - Barclay Goodrow wins face-off versus Evgeni Malkin in neutral zone.
7:10 of 3rd period - Nicklas Backstrom is hit by Jason Zucker and loses puck.
7:21 of 3rd period - Nick Cousins is hit by Mike Hoffman and loses puck.
7:48 of 3rd period - Shot by Niklas Hjalmarsson.
7:48 of 3rd period - Shot Misses the Net.
8:58 of 3rd period - Icing by Jason Zucker.
8:59 of 3rd period - Ryan Johansen wins face-off versus Evgeni Malkin in Oilers zone.
8:59 of 3rd period - Gustav Nyquist is hit by Evgeni Malkin and loses puck.
9:19 of 3rd period - Minor Penalty to Adam Lowry for Slashing.
9:20 of 3rd period - Nicklas Backstrom wins face-off versus Riley Nash in Oilers zone.
9:30 of 3rd period - Off-side.
9:31 of 3rd period - Evgeni Malkin wins face-off versus Riley Nash in neutral zone.
10:34 of 3rd period - Shot by Ryan Suter.
10:34 of 3rd period - Stopped by Robin Lehner without a rebound.
10:35 of 3rd period - Travis Konecny wins face-off versus Ryan Johansen in Oilers zone.
10:38 of 3rd period - Shot by Damon Severson.
10:38 of 3rd period - Shot Misses the Net.
10:40 of 3rd period - Shot by Mike Hoffman.
10:40 of 3rd period - Shot Blocked by Dylan DeMelo.
11:16 of 3rd period - Shot by Travis Konecny.
11:16 of 3rd period - Stopped by Robin Lehner without a rebound.
11:17 of 3rd period - Riley Nash wins face-off versus Evgeni Malkin in Oilers zone.
12:19 of 3rd period - Shot by T.J. Oshie.
12:19 of 3rd period - Stopped by Robin Lehner without a rebound.
12:20 of 3rd period - Nicklas Backstrom wins face-off versus Ryan Johansen in Oilers zone.
12:47 of 3rd period - Shot by Gustav Nyquist.
12:47 of 3rd period - Stopped by Marc-Andre Fleury without a rebound.
12:48 of 3rd period - Ryan Getzlaf wins face-off versus Evgeni Malkin in Devils zone.
12:51 of 3rd period - Shot by Barclay Goodrow.
12:51 of 3rd period - Goal by Barclay Goodrow - Oilers : 4 - Devils : 1.
12:52 of 3rd period - Ryan Getzlaf wins face-off versus Evgeni Malkin in neutral zone.
12:52 of 3rd period - Ryan Getzlaf is hit by T.J. Oshie.
13:07 of 3rd period - Icing by Justin Braun.
13:08 of 3rd period - Nicklas Backstrom wins face-off versus Ryan Getzlaf in Oilers zone.
13:25 of 3rd period - Shot by Nicklas Backstrom.
13:25 of 3rd period - Stopped by Robin Lehner without a rebound.
13:26 of 3rd period - Evander Kane wins face-off versus Evgeni Malkin in Oilers zone.
13:26 of 3rd period - Evander Kane is hit by T.J. Oshie.
14:41 of 3rd period - Shot by Ryan Getzlaf.
14:41 of 3rd period - Shot Blocked by Ryan Suter.
15:04 of 3rd period - Icing by Dylan DeMelo.
15:05 of 3rd period - Riley Nash wins face-off versus Tyler Bozak in Oilers zone.
15:31 of 3rd period - Icing by Justin Schultz.
15:32 of 3rd period - Ryan Johansen wins face-off versus Tyler Bozak in Devils zone.
16:31 of 3rd period - Icing by Jacob Trouba.
16:32 of 3rd period - Ryan Johansen wins face-off versus Travis Konecny in Oilers zone.
16:48 of 3rd period - Nicklas Backstrom is hit by Dylan DeMelo and loses puck.
16:54 of 3rd period - Nicklas Backstrom is hit by Dylan DeMelo and loses puck.
16:59 of 3rd period - Shot by Nicklas Backstrom.
16:59 of 3rd period - Stopped by Robin Lehner with a rebound.
17:12 of 3rd period - Mike Hoffman is hit by Dylan DeMelo and loses puck.
17:51 of 3rd period - Shot by T.J. Oshie.
17:51 of 3rd period - Shot Blocked by Adam Lowry.
17:57 of 3rd period - Damon Severson is hit by Barclay Goodrow and loses puck.
18:58 of 3rd period - Icing by Jason Zucker.
18:59 of 3rd period - Nicklas Backstrom wins face-off versus Max Domi in Oilers zone.
19:00 of 3rd period - Shot by Mike Hoffman.
19:00 of 3rd period - Shot Misses the Net.
19:06 of 3rd period - Shot by Travis Konecny.
19:06 of 3rd period - Stopped by Robin Lehner without a rebound.
19:07 of 3rd period - Nicklas Backstrom wins face-off versus Adam Lowry in Oilers zone.
19:34 of 3rd period - Shot by Riley Nash.
19:34 of 3rd period - Shot Blocked by Cale Makar.
19:36 of 3rd period - Shot by Riley Nash.
19:36 of 3rd period - Shot Blocked by Cale Makar.
19:46 of 3rd period - Yanni Gourde is hit by Travis Konecny and loses puck.
19:58 of 3rd period - Icing by Mikhail Sergachev.
19:59 of 3rd period - Ryan Getzlaf wins face-off versus Nicklas Backstrom in Devils zone.
Goals for this period are 2 for Oilers vs 0 for Devils.
Shots for this period are 7 for Oilers vs 8 for Devils.